 Dungeon Crawl Stone Soup version 0.29.1-15-g9cfb28693d (webtiles) character file.

Game seed: 5735733549125911793

1 Anriel the Magician (level 1, -2/10 HPs)
             Began as a Deep Elf Hedge Wizard on Mar 7, 2023.
             Slain by a quokka (5 damage)
             ... on level 1 of the Dungeon.
             The game lasted 00:00:41 (87 turns).

Anriel the Magician (Deep Elf Hedge Wizard)           Turns: 87, Time: 00:00:41

Health: -2/10      AC:  2    Str:  7    XL:     1   Next: 16%
Magic:  6/7        EV: 12    Int: 18    God:
Gold:   0          SH:  0    Dex: 14    Spells: 7/8 levels left

rFire   . . .      SeeInvis .   a - +0 dagger
rCold   . . .      Faith    .   (no shield)
rNeg    . . .      Spirit   .   b - +0 robe
rPois   .          Reflect  .   c - +0 hat
rElec   .          Harm     .   (no cloak)
rCorr   .          Rampage  .   (no gloves)
Will    .....                   (no boots)
Stlth   ++........              (no amulet)
HPRegen 0.03/turn               (no ring)
MPRegen 0.10/turn               (no ring)

@: no status effects
A: no striking features
a: no special abilities


You were on level 1 of the Dungeon.
You visited 1 branch of the dungeon, and saw 1 of its levels.

Inventory:

Hand Weapons
 a - a +0 dagger (weapon)
Armour
 b - a +0 robe (worn)
 c - a +0 hat (worn)
Potions
 d - a potion of magic
 e - a potion of degeneration {unknown}


   Skills:
 + Level 2.4 Dodging
 - Level 2.4 Stealth
 + Level 4.4 Spellcasting
 + Level 1.1 Conjurations
 - Level 1.1 Summonings
 - Level 1.1 Translocations


You had 7 spell levels left.
You knew the following spells:

 Your Spells              Type           Power      Damage    Failure   Level
a - Magic Dart            Conj           32%        1d4       9%          1

Your spell library contained the following spells:

 Spells                   Type           Power      Damage    Failure   Level
 Slow                     Hex            12%        N/A       14%         1
 Blink                    Tloc           14%        N/A       14%         2
 Call Imp                 Summ           7%         N/A       14%         2
 Conjure Flame            Conj/Fire      6%         6-21      32%         3
 Mephitic Cloud           Conj/Pois/Air  5%         N/A       34%         3


Dungeon Overview and Level Annotations

Branches:
Dungeon (1/15)

Altars:


Message History

Aiming: Magic Dart (safe; 9% risk of failure)
Press: ? - help, Q - select action Shift-Dir - straight line, f/p - giant cockroach
Aim: a giant cockroach (100% to hit)
The magic dart hits the giant cockroach but does no damage.
Aiming: Magic Dart (safe; 9% risk of failure)
Press: ? - help, Q - select action Shift-Dir - straight line, f/p - giant cockroach
Aim: a giant cockroach (100% to hit)
The magic dart hits the giant cockroach.
The giant cockroach is heavily wounded.
Aiming: Magic Dart (safe; 9% risk of failure)
Press: ? - help, Q - select action Shift-Dir - straight line, f/p - giant cockroach
Aim: a giant cockroach (heavily wounded, 100% to hit)
The magic dart hits the giant cockroach but does no damage.
The giant cockroach is heavily wounded.
You barely miss the giant cockroach.
The giant cockroach is heavily wounded.
The giant cockroach closely misses you.
You barely miss the giant cockroach.
The giant cockroach is heavily wounded.
The giant cockroach misses you. The giant cockroach bites you.
You hit the giant cockroach.
You kill the giant cockroach!
You see here a giant cockroach corpse.
Found a yellow potion.
You start resting.
Magic restored.
e - a yellow potion A quokka comes into view.
The quokka barely misses you.
You hit the quokka but do no damage. The quokka bites you.
Aiming: Magic Dart (safe; 9% risk of failure)
Press: ? - help, Q - select action Shift-Dir - straight line, f - quokka
Aim: a quokka (100% to hit)
The magic dart hits the quokka but does no damage.
The quokka misses you. The quokka barely misses you.
The quokka attacks as you move away! The quokka bites you.
* * * LOW HITPOINT WARNING * * *
The quokka attacks as you move away! The quokka bites you.
Ouch! That really hurt!
You die...

## .. .# .#
###.# #.r.#
#@#.......
#.######## .
###.####...##...
#....##..#......
##..#.......#
#....^...####
##........##
#....#.....##
##..####....#


You could see a quokka.

Vanquished Creatures
  A giant cockroach (D:1)
1 creature vanquished.

Notes
Turn   | Place    | Note
-------+----------+-------------------------------------------
     0 | D:1      | Anriel the Deep Elf Hedge Wizard began the quest for the
                  | Orb.
     0 | D:1      | Reached XP level 1. HP: 10/10 MP: 7/7
    87 | D:1      | Slain by a quokka

Illustrated notes

Levels and vault maps discovered:
D:1:      dpeg_arrival_round_b, layout_basic

Action                   || total
-------------------------++-------
Melee: Dagger            ||     4
 Cast: Magic Dart        ||     6
Dodge: Dodged            ||     5
